 Dungeon Crawl Stone Soup version 0.17-a0-1421-g95311d7 (webtiles) character file.

15318 Snupthedog the Black Sun (level 12, -4/87 HPs)
             Began as a Demonspawn Necromancer on June 23, 2015.
             Was a High Priest of Kikubaaqudgha.
             Slain by a red ugly thing (22 damage)
             ... on level 13 of the Dungeon on June 24, 2015.
             The game lasted 01:23:47 (11474 turns).

Snupthedog the Black Sun (Demonspawn Necromancer)  Turns: 11474, Time: 01:23:52

Health: -4/87      AC: 15    Str: 12    XL:     12   Next: 0%
Magic:  5/25       EV: 17    Int: 20    God:    Kikubaaqudgha [*****.]
Gold:   892        SH:  0    Dex: 19    Spells: 7 memorised, 5 levels left

rFire  . . .     SeeInvis .     n - +4 quarterstaff (crush)
rCold  . . .     Clarity  .     v - +1 leather armour {MR+}
rNeg   . . .     SustAt   .     (no shield)
rPois  .         Gourm    .     L - +2 hat {MR+}
rElec  .         Spirit   .     x - +0 cloak
rCorr  .         Warding  .     q - +0 pair of gloves {archery}
rMut   .         Stasis   .     m - +2 pair of boots
MR     ++...                    D - amulet of rage
Stlth  +++.......               Q - +3 ring of dexterity
                                o - +3 ring of evasion

@: about to teleport, regenerating, very resistant to hostile enchantments,
fairly stealthy
A: talons 1, yellow scales 2, agile 1, clever 1, demonic guardian 1,
nightstalker 1
a: Receive Corpses, Torment, Renounce Religion, Evoke Berserk Rage


You were on level 13 of the Dungeon.
You worshipped Kikubaaqudgha.
Kikubaaqudgha was extremely pleased with you.
You were very hungry.

You visited 2 branches of the dungeon, and saw 14 of its levels.

You collected 892 gold pieces.

Inventory:

Hand weapons
 l - a +2 dagger of draining
 n - a +4 quarterstaff of crushing (weapon)
Armour
 m - a +2 pair of boots (worn)
 q - a +0 pair of gloves of archery (worn)
 v - a +1 leather armour of magic resistance (worn)
 x - a +0 cloak (worn)
 G - a troll hide
 L - a +2 hat of magic resistance (worn)
Jewellery
 h - an uncursed amulet of stasis
 o - a +3 ring of evasion (left hand)
 s - an uncursed ring of flight
 t - an uncursed ring of stealth
 D - an amulet of rage (around neck)
 H - an uncursed ring of ice
 Q - a +3 ring of dexterity (right hand)
Magical devices
 d - a wand of disintegration (12)
 i - a wand of lightning (3)
 w - a wand of digging (13)
 J - a wand of teleportation (6)
 M - a wand of random effects (24)
 N - a wand of disintegration (15)
 P - a wand of lightning (5)
Scrolls
 e - a scroll of fog
 g - a scroll of recharging
 j - 5 scrolls of teleportation
 C - 3 scrolls of remove curse
 O - a scroll of immolation
Potions
 a - 4 potions of curing
 k - 2 potions of resistance
 p - a potion of berserk rage
 z - 2 potions of invisibility
 A - a potion of brilliance
 B - 2 potions of might
 E - a potion of flight
 K - 3 potions of haste
 R - a potion of magic {unknown}
Books
 b - a book of Necromancy

   Spells                             Type                      Level
   a - Pain                           Necromancy                   1
   b - Animate Skeleton               Necromancy                   1
   c - Vampiric Draining              Necromancy                   3
   d - Regeneration                   Charms/Necromancy            3
   e - Animate Dead                   Necromancy                   4
   f - Control Undead                 Necromancy                   4
 y - a book of Annihilations {highlevel}

   Spells                             Type                      Level
   a - Poison Arrow                   Conjuration/Poison           6
   b - Chain Lightning                Conjuration/Air              8
   c - Lehudib's Crystal Spear        Conjuration/Earth            8
   d - Glaciate                       Conjuration/Ice              9
   e - Fire Storm                     Conjuration/Fire             9
 F - Kikubaaqudgha's Tome of Dark Rituals
   (Kikubaaqudgha gifted it to you on level 7 of the Dungeon)

   Spells                             Type                      Level
   a - Animate Skeleton               Necromancy                   1
   b - Corpse Rot                     Necromancy                   2
   c - Sublimation of Blood           Necromancy                   2
   d - Vampiric Draining              Necromancy                   3
   e - Control Undead                 Necromancy                   4
 I - Kikubaaqudgha's Guide on Darkness
   (Kikubaaqudgha gifted it to you on level 10 of the Dungeon)

   Spells                             Type                      Level
   a - Animate Dead                   Necromancy                   4
   b - Excruciating Wounds            Charms/Necromancy            5
   c - Agony                          Necromancy                   5
   d - Dispel Undead                  Necromancy                   5
   e - Simulacrum                     Ice/Necromancy               6
Comestibles
 c - 5 bread rations
 f - 11 royal jellies
 r - 4 fruits
 S - 3 chunks of flesh


   Skills:
 + Level 5.8 Fighting
 - Level 1.3 Short Blades
 - Level 10.0 Staves
 - Level 4.0 Armour
 - Level 3.5 Dodging
 - Level 1.7 Stealth
 - Level 0.1 Unarmed Combat
 + Level 9.6 Spellcasting
 + Level 1.1 Charms
 + Level 11.0 Necromancy


You had 5 spell levels left.
You knew the following spells:

 Your Spells              Type           Power        Failure   Level  Hunger
a - Agony                 Necr           ######..     2%          5    #####..
b - Animate Skeleton      Necr           N/A          1%          1    None
c - Vampiric Draining     Necr           ######....   1%          3    None
d - Control Undead        Necr           ######....   1%          4    ##.....
e - Regeneration          Chrm/Necr      ####......   1%          3    None
f - Animate Dead          Necr           N/A          1%          4    ##.....
g - Dispel Undead         Necr           ######..     2%          5    #####..


Dungeon Overview and Level Annotations

Branches:
Dungeon (13/15)            Temple (1/1) D:5            Lair (0/8) D:8
    Orc (0/4) D:11
 Vaults: D:13-14

Altars:
Ashenzari
Cheibriados
Dithmenos
Elyvilon
Fedhas
Gozag
Kikubaaqudgha
Makhleb
Nemelex Xobeh
Okawaru
Qazlal
Ru
Sif Muna
Trog
Vehumet
Xom
Yredelemnul
Zin
The Shining One

Annotations:
D:3 wvc's ghost, average VSAr


Innate Abilities, Weirdness & Mutations

You have sharp toenails.
You are mostly covered in yellow scales (AC +3).
A weak demonic guardian rushes to your aid.
You are slightly more attuned to the shadows.
You are agile. (Dex +2)
Your mind is acute. (Int +2)


Message History

Aim: a red ugly thing (moderately wounded, chance to defeat MR: 48%)
The red ugly thing is blasted.
This wand has 12 charges left.
Something hits you.
* * * LOW HITPOINT WARNING * * *
Read which item? (? for menu, Esc to quit)
Okay, then.
Unknown command.
Drink which item? (? for menu, Esc to quit)
You feel much better. Something hits you!
* * * LOW HITPOINT WARNING * * *
The red ugly thing completely misses you.
Something hits you but does no damage.
Read which item? (? for menu, Esc to quit)
As you read the scroll of teleportation, it crumbles to dust.
You feel strangely unstable. Something closely misses you.
The red ugly thing tentacle-slaps you.
* * * LOW HITPOINT WARNING * * *
You are engulfed in flames!!
You die...
Kikubaaqudgha rasps: "You have failed me!
Welcome... death!"

.......#....# ......###....
.......#........... .....
#.................. ......
#.................###......
#..................#.......
...........................
#.................5...?...#
##..............@uZ.)....#
##.............5........#
##.......###...........#
##.....## ##...........#
##....# #............
##...# ##...........#
##...# #...........## #####
#############


You could see a red ugly thing, a friendly iron imp, a friendly ufetubus and a
friendly orc zombie.

Vanquished Creatures
  Gastronok (D:9)
  A hydra (D:13)
  3 skeletal warriors (D:11)
  Pikel (D:5)
  3 hill giants
  An ugly thing (D:11)
  A centaur skeleton (D:11)
  A komodo dragon (D:10)
  2 trolls
  A trapdoor spider zombie (D:11)
  7 yaks
  Grum (D:9)
  A hungry ghost (D:12)
  A basilisk (D:12)
  A warg (D:8)
  A hippogriff (D:12)
  2 wolves (D:9)
  Duvessa (D:4)
  2 sky beasts
  4 orc warriors
  3 ice beasts
  2 black bears
  A slave (D:4)
  An eye of draining (D:11)
  2 ogres (D:6)
  2 centaurs
  Blork the orc (D:7)
  A gnoll sergeant (D:6)
  A wyvern zombie (D:12)
  4 giant frogs
  3 scorpions
  Dowan (D:4)
  7 killer bees (D:8)
  A water moccasin skeleton (D:8)
  6 crimson imps
  11 orc wizards
  4 jellies
  A giant frog zombie (D:12)
  A giant frog skeleton (D:5)
  Crazy Yiuf (D:4)
  4 orc priests
  2 hounds
  3 iguanas
  3 worker ants
  A killer bee zombie (D:7)
  Robin (D:4)
  12 gnolls
  2 worker ant zombies
  10 adders
  2 shadow imps
  8 oozes
  2 adder skeletons
  2 worms
  A giant gecko (D:9)
  46 orcs
  4 ball pythons
  10 bats
  3 giant cockroaches
  18 goblins
  17 hobgoblins
  15 kobolds
  6 quokkas
  3 giant newts
  3 jackals
  19 rats
  A spectral orc (D:6)
288 creatures vanquished.

Vanquished Creatures (collateral kills)
  Snorg (D:11)
  A centaur warrior (D:11)
  A hill giant (D:11)
  A centaur skeleton (D:12)
  A troll (D:11)
  A deep elf mage (D:12)
  A yak (D:12)
  Eustachio (D:4)
  2 wolves (D:9)
  A warg (D:8)
  A sky beast (D:6)
  3 orc warriors
  A centaur (D:8)
  A big kobold (D:11)
  A giant frog (D:9)
  A water moccasin skeleton (D:11)
  3 killer bees (D:8)
  A wasp zombie (D:11)
  2 orc priests
  A giant frog skeleton (D:8)
  2 orc wizards
  2 worker ants
  An adder (D:9)
  A gnoll (D:4)
  2 shadow imps (D:12)
  A worm (D:2)
  A giant gecko (D:5)
  11 orcs
  5 jackals
  A giant newt (D:4)
  5 goblins (D:4)
  5 kobolds (D:11)
  2 rats (D:3)
65 creatures vanquished.

Vanquished Creatures (others)
  A quokka (D:6)
1 creature vanquished.

Grand Total: 354 creatures vanquished

Notes
Turn   | Place    | Note
--------------------------------------------------------------
     0 | D:1      | Snupthedog the Demonspawn Necromancer began the quest for the Orb.
     0 | D:1      | Reached XP level 1. HP: 13/13 MP: 3/3
   431 | D:1      | Gained mutation: You are partially covered in yellow scales (AC +2). [demonic ancestry]
   431 | D:1      | Reached XP level 2. HP: 17/19 MP: 3/5
   523 | D:1      | Learned a level 1 spell: Animate Skeleton
   670 | D:1      | Reached skill level 5 in Necromancy
   835 | D:1      | Reached XP level 3. HP: 18/25 MP: 6/6
  1077 | D:2      | Reached skill level 1 in Fighting
  1111 | D:2      | Learned a level 3 spell: Vampiric Draining
  1866 | D:2      | Reached XP level 4. HP: 18/32 MP: 3/7
  1958 | D:3      | Noticed wvc's ghost (average VSAr)
  2027 | D:3      | Found an opulent altar of Gozag.
  2132 | D:3      | Reached XP level 5. HP: 25/37 MP: 3/9
  2138 | D:3      | Learned a level 4 spell: Control Undead
  2180 | D:3      | Found a shimmering altar of Xom.
  2241 | D:3      | Reached skill level 1 in Short Blades
  2934 | D:4      | HP: 1/37 [orc wizard/magic dart (4)]
  2958 | D:4      | Reached skill level 1 in Armour
  3119 | D:4      | Noticed Eustachio
  3152 | D:4      | Gained mutation: A weak demonic guardian rushes to your aid. [demonic ancestry]
  3152 | D:4      | Reached XP level 6. HP: 30/44 MP: 10/10
  3531 | D:4      | Found an iron altar of Okawaru.
  3622 | D:4      | Killed Eustachio
  3712 | D:4      | Noticed Crazy Yiuf
  3720 | D:4      | Killed Crazy Yiuf
  3721 | D:4      | Your ally Eustachio died
  3728 | D:4      | Got a faintly glowing hammer
  3729 | D:4      | Identified the cursed +1 hammer of Xom's Reproof {flame, Dex+2} (You found it on level 4 of the Dungeon)
  3734 | D:4      | Learned a level 3 spell: Regeneration
  3812 | D:4      | Found an opulent altar of Gozag.
  3829 | D:4      | Noticed Duvessa
  3829 | D:4      | Noticed Dowan
  3845 | D:4      | Killed Dowan
  3845 | D:4      | Reached XP level 7. HP: 39/51 MP: 10/12
  3848 | D:4      | Killed Duvessa
  3848 | D:4      | Reached skill level 6 in Necromancy
  3959 | D:4      | Your ally Dowan died
  4002 | D:4      | Noticed Robin
  4026 | D:4      | Killed Robin
  4156 | D:4      | Your ally Robin died
  4161 | D:4      | Noticed Pikel
  4161 | D:4      | Noticed a slave
  4161 | D:4      | Noticed a slave
  4161 | D:4      | Noticed a slave
  4161 | D:4      | Noticed a slave
  4203 | D:4      | Killed a slave
  4210 | D:5      | Entered Level 5 of the Dungeon
  4216 | D:5      | Killed Pikel
  4216 | D:5      | Gained mutation: You have sharp toenails. [demonic ancestry]
  4216 | D:5      | Reached XP level 8. HP: 34/57 MP: 5/14
  4318 | D:5      | Found a shadowy altar of Dithmenos.
  4564 | D:5      | Found a staircase to the Ecumenical Temple.
  4578 | Temple   | Entered the Ecumenical Temple
  4584 | Temple   | Became a worshipper of Kikubaaqudgha
  4730 | D:5      | Found a sacrificial altar of Ru.
  4804 | D:5      | Reached skill level 5 in Staves
  5025 | D:6      | Found a white marble altar of Elyvilon.
  5405 | D:6      | Found a basalt altar of Yredelemnul.
  5633 | D:6      | Reached skill level 7 in Staves
  6037 | D:7      | Acquired Kikubaaqudgha's first power
  6037 | D:7      | Received a gift from Kikubaaqudgha
  6041 | D:7      | Identified Kikubaaqudgha's Tome of Dark Rituals (Kikubaaqudgha gifted it to you on level 7 of the Dungeon)
  6133 | D:7      | Found a blossoming altar of Fedhas.
  6147 | D:7      | Noticed Blork the orc
  6176 | D:7      | Killed Blork the orc
  6176 | D:7      | Reached XP level 9. HP: 47/62 MP: 5/15
  6182 | D:7      | Found a deep blue altar of Sif Muna.
  6445 | D:7      | Found a stormy altar of Qazlal.
  6673 | D:8      | Found a bloodstained altar of Trog.
  6700 | D:8      | Got a pitted rapier
  6704 | D:8      | Identified the +2 rapier "Ryopumee" {venom, rN+ Int+4} (You found it on level 8 of the Dungeon)
  6725 | D:8      | Reached skill level 8 in Staves
  7227 | D:8      | Learned a level 4 spell: Animate Dead
  7229 | D:8      | Gained mutation: You are agile. (Dex +2) [potion of mutation]
  7229 | D:8      | Gained mutation: Your mind is acute. (Int +2) [potion of mutation]
  7229 | D:8      | Gained mutation: You are mostly covered in yellow scales (AC +3). [potion of mutation]
  7482 | D:8      | Found a staircase to the Lair.
  7494 | D:8      | Reached skill level 9 in Staves
  7803 | D:9      | Noticed Grum
  7810 | D:9      | Acquired Kikubaaqudgha's second power
  7821 | D:9      | Killed Grum
  7984 | D:9      | Your ally Grum died
  8231 | D:9      | Noticed Gastronok
  8262 | D:9      | Killed Gastronok
  8262 | D:9      | Reached skill level 5 in Spellcasting
  8262 | D:9      | Reached XP level 10. HP: 38/70 MP: 3/17
  8320 | D:9      | Got a smoking trident
  8321 | D:9      | Identified the +6 trident "Caryaw" {flame, rPois Dex+2} (You found it on level 9 of the Dungeon)
  8624 | D:9      | Reached skill level 10 in Staves
  8784 | D:10     | Entered Level 10 of the Dungeon
  8866 | D:10     | Noticed a hill giant
  8882 | D:10     | Killed a hill giant
  8972 | D:10     | Got an encrusted chain mail
  9009 | D:10     | Identified the +0 chain mail of Pocumm {rN+} (You found it on level 10 of the Dungeon)
  9130 | D:10     | Noticed a hill giant
  9139 | D:10     | Killed a hill giant
  9146 | D:10     | Received a gift from Kikubaaqudgha
  9149 | D:10     | Identified Kikubaaqudgha's Guide on Darkness (Kikubaaqudgha gifted it to you on level 10 of the Dungeon)
  9163 | D:10     | Learned a level 5 spell: Agony
  9298 | D:11     | Noticed a hill giant
  9304 | D:11     | Killed a hill giant
  9304 | D:11     | Reached skill level 5 in Fighting
  9304 | D:11     | Gained mutation: You are slightly more attuned to the shadows. [demonic ancestry]
  9304 | D:11     | Reached XP level 11. HP: 57/79 MP: 15/21
  9357 | D:11     | Noticed a centaur warrior
  9373 | D:11     | Killed a centaur warrior
  9457 | D:11     | Noticed a hill giant
  9470 | D:11     | Killed a hill giant
  9876 | D:11     | Acquired Kikubaaqudgha's third power
  9893 | D:11     | Found a staircase to the Orcish Mines.
 10041 | D:11     | Noticed a skeletal warrior
 10104 | D:10     | Learned a level 5 spell: Dispel Undead
 10117 | D:11     | Killed a skeletal warrior
 10153 | D:11     | Noticed a skeletal warrior
 10153 | D:11     | Noticed a skeletal warrior
 10182 | D:11     | Killed a skeletal warrior
 10313 | D:11     | Killed a skeletal warrior
 10313 | D:11     | Reached skill level 10 in Necromancy
 10364 | D:11     | Noticed Snorg
 10372 | D:11     | Killed Snorg
 10407 | D:12     | Reached skill level 1 in Charms
 11190 | D:12     | Upgraded the game from 0.17-a0-1411-g06ff558 to 0.17-a0-1421-g95311d7
 11385 | D:13     | Noticed an eight-headed hydra
 11404 | D:13     | Acquired Kikubaaqudgha's fourth power
 11410 | D:13     | Killed an eight-headed hydra
 11410 | D:13     | Reached skill level 11 in Necromancy
 11410 | D:13     | Reached XP level 12. HP: 34/87 MP: 3/25
 11465 | D:13     | HP: 2/87 [red ugly thing (23)]
 11474 | D:13     | Slain by a red ugly thing

Vault maps used:
D:1:      dpeg_arrival_boxes_within_box
D:2:      st_stairs_13
D:3:      led_xom_imps, st_stairs_14, nicolae_gozag_seed_capital
D:4:      kennysheep_mini, okawaru_ov_weapons_minmay, uniq_duvessa, uniq_robin,
          uniq_pikel, uniq_crazy_yiuf_cottage, uniq_eustachio
D:5:      nicolae_overflow_crystal_walls, grunt_dithmenos_smoke,
          minmay_temple_entry_hall, first_bread
D:6:      elyvilon_altar_4, yredelemnul_forgotten_temple_becter
D:7:      kennysheep_little_box, tgw_sif, fedhas_altar_3
D:8:      lemuel_crystal_altar, erik_lair_orcish_takeover
D:9:      hangedman_little_slice_of_home, nrook_pool_corridor, uniq_grum,
          uniq_gastronok
D:11:     hiddenorc1_lemuel, minmay_tree_intersection, uniq_snorg
D:13:     elves_outpost_lemuel
Temple:   temple_eino_lava_8

Action                   |  1- 3 |  4- 6 |  7- 9 | 10-12 || total
-------------------------+-------+-------+-------+-------++-------
Melee: Unarmed           |    11 |       |       |       ||    11
       Short sword       |    39 |       |       |       ||    39
       Dagger            |    65 |   147 |       |       ||   212
       Quarterstaff      |       |     7 |   380 |   342 ||   729
 Cast: Pain              |    16 |    22 |    49 |     8 ||    95
       Animate Skeleton  |    11 |     7 |    48 |     2 ||    68
       Vampiric Draining |     2 |    13 |    25 |    20 ||    60
       Regeneration      |       |       |    13 |    13 ||    26
       Animate Dead      |       |       |     5 |    18 ||    23
       Agony             |       |       |       |    17 ||    17
       Dispel Undead     |       |       |       |     7 ||     7
       Control Undead    |       |       |       |     4 ||     4
Evoke: Wand              |       |     1 |     1 |     3 ||     5
  Use: Scroll            |     7 |     4 |    15 |    12 ||    38
       Potion            |       |     1 |     2 |     3 ||     6
 Stab: Sleeping          |     3 |     2 |     8 |     2 ||    15
       Paralysed         |       |       |     4 |       ||     4
       Petrified         |       |       |     1 |       ||     1
       Distracted        |       |       |     1 |     3 ||     4
  Eat: Chunk             |     2 |       |    16 |     3 ||    21
       Meat ration       |     1 |       |       |     2 ||     3
       Beef jerky        |       |     1 |     1 |     2 ||     4
       Fruit             |       |     3 |       |     3 ||     6
       Royal jelly       |       |       |     1 |       ||     1
